AoeStats
← NPG | gab

Arabia

510648230Analyzed
1v1 RM · 19h ago on Oct 2, 2026· 55m 4s· 2 players
Game mode
Random Map
Map size
Tiny (2 player)
Population
200
Speed
Normal
Resources
Standard
Victory
Conquest
Starting age
Dark Age
Ending age
Imperial Age
RankedLock teamsTeams togetherTeam positionsShared explorationLock speedFull tech treeHidden civsTurbo modeCheats
Victory
Defeat
🇦🇷 Magyars · Argentina
1251
+21
🇩🇪 Jurchens · Germany
1363
-21
Deidarah
7:14 Loom
9:37 Feudal Age
9:56 Man-at-Arms
14:21 Fletching
16:11 Double-Bit Axe
16:06 Horse Collar
21:47 Wheelbarrow
25:07 Castle Age
23:20 Scale Barding Armor
24:36 Bloodlines
25:54 Forging
28:07 Elite Skirmisher
32:22 Crossbowman
33:09 Bodkin Arrow
38:22 Padded Archer Armor
40:31 Leather Archer Armor
42:20 Husbandry
45:35 Squires
45:36 Scale Mail Armor
49:22 Imperial Age
50:15 Chain Barding Armor
50:31 Iron Casting
50:09 Scale Mail Armor
49:35 Pikeman
50:11 Elite Steppe Lancer
52:11 Plate Barding Armor
NPG | gab
6:32 Loom
9:14 Feudal Age
17:34 Fletching
20:15 Padded Archer Armor
23:41 Castle Age
22:58 Scale Barding Armor
23:23 Horse Collar
23:31 Double-Bit Axe
23:39 Gold Mining
24:17 Bloodlines
26:20 Bodkin Arrow
28:44 Husbandry
30:03 Ballistics
30:38 Chain Barding Armor
37:19 Imperial Age
35:05 Thumb Ring
38:01 Wheelbarrow
39:40 Plate Barding Armor
40:19 Corvinian Army
42:40 Chemistry
43:37 Elite Magyar Huszar
46:26 Conscription
46:31 Bracer
46:49 Hand Cart
49:34 Leather Archer Armor
50:37 Hoardings
50:46 Gold Shaft Mining
50:44 Heavy Cavalry Archer
51:36 Recurve Bow
53:12 Parthian Tactics
53:21 Ring Archer Armor
55:31 Heavy Plow
Connection lost

Rejoining the realm…

Still unreachable

The connection could not be restored.

Session expired

The server has moved on; the page needs a fresh start.